 Dungeon Crawl Stone Soup version 0.29.1-15-g9cfb28693d (webtiles) character file.

Game seed: 6096213701323683934

18 zeram the Trooper (level 2, -1/33 HPs)
             Began as an Ogre Fighter on Apr 11, 2023.
             Slain by a gnoll
             ... wielding a +0 spear of flaming
              (4 damage)
             ... on level 1 of the Dungeon.
             The game lasted 00:00:34 (673 turns).

zeram the Trooper (Ogre Fighter)                     Turns: 673, Time: 00:00:35

Health: -1/33      AC:  3    Str: 19    XL:     2   Next: 66%
Magic:  2/2        EV:  8    Int:  9    God:
Gold:   62         SH:  7    Dex:  8    Spells: 1/1 levels left

rFire   . . .      SeeInvis .   a - +0 flail
rCold   . . .      Faith    .   c - +0 kite shield
rNeg    . . .      Spirit   .   b - +0 robe
rPois   .          Reflect  .   (helmet restricted)
rElec   .          Harm     .   (no cloak)
rCorr   .          Rampage  .   (gloves unavailable)
Will    .....                   (boots unavailable)
Stlth   +.........              (no amulet)
HPRegen 0.11/turn               (no ring)
MPRegen 0.08/turn               (no ring)

@: no status effects
A: large, unfitting armour, tough skin 1
a: no special abilities


You were on level 1 of the Dungeon.
You visited 1 branch of the dungeon, and saw 1 of its levels.

You collected 62 gold pieces.

Inventory:

Hand Weapons
 a - a +0 flail (weapon)
Armour
 b - a +0 robe (worn)
 c - a +0 kite shield (worn)
Scrolls
 e - a scroll of vulnerability {unknown}
 f - 2 scrolls of identify {unknown}
Potions
 d - a potion of might


   Skills:
 + Level 4.4 Fighting
 + Level 2.1 Maces & Flails
 + Level 3.0 Dodging
 - Level 3.0 Shields


You had one spell level left.
You didn't know any spells.
Your spell library was empty.

Dungeon Overview and Level Annotations

Branches:
Dungeon (1/15)

Altars:


Innate Abilities, Weirdness & Mutations

You are too large for most types of armour.
You have tough skin. (AC +1)


Message History

You hit the goblin.
You kill the goblin!
You block the kobold's attack.
You sock the kobold!
You kill the kobold!
The gnoll barely misses you.
The gnoll hits you with a +0 spear of flaming.
The gnoll burns you.
Things that are here:
a +0 dagger; a kobold corpse You closely miss the gnoll.
You block the gnoll's attack.
The gnoll hits you with a +0 spear of flaming.
The gnoll burns you.
You barely miss the gnoll. You block the gnoll's attack.
You hit the gnoll.
The gnoll is moderately wounded.
The gnoll hits you with a +0 spear of flaming.
The gnoll burns you.
The gnoll hits you with a +0 spear of flaming.
The gnoll burns you.
You are too injured to fight recklessly!
You are too injured to fight recklessly!
You are too injured to fight recklessly!
You are too injured to fight recklessly!
You are too injured to fight recklessly!
You are too injured to fight recklessly!
You are too injured to fight recklessly!
You are too injured to fight recklessly!
You are too injured to fight recklessly!
You are too injured to fight recklessly!
You are too injured to fight recklessly!
You are too injured to fight recklessly!
You are too injured to fight recklessly!
You are too injured to fight recklessly!
You hit the gnoll.
The gnoll is heavily wounded.
The gnoll hits you with a +0 spear of flaming!
* * * LOW HITPOINT WARNING * * *
The gnoll burns you.
You die...

## .. #.### ###....
###########
......g##.!.......######
#....@......###.......
#.#####.###.# ########
#)# #.# .... #.# #.#
.### #.# #.. #.# ###
#################
................###
#.####.####.##...##


You could see a gnoll.

Vanquished Creatures
  3 endoplasms (D:1)
  A giant cockroach (D:1)
  2 hobgoblins (D:1)
  A ball python (D:1)
  3 bats (D:1)
  4 goblins (D:1)
  2 kobolds (D:1)
16 creatures vanquished.

Notes
Turn   | Place    | Note
-------+----------+-------------------------------------------
     0 | D:1      | zeram the Ogre Fighter began the quest for the Orb.
     0 | D:1      | Reached XP level 1. HP: 24/24 MP: 1/1
   169 | D:1      | Reached XP level 2. HP: 8/32 MP: 2/2
   673 | D:1      | Slain by a gnoll

Illustrated notes

Levels and vault maps discovered:
D:1:      dpeg_arrival_chambers_temple_mockup, layout_loops_ring,
          minmay_heptomino_h4

Skill      XL: |  1  2 |
---------------+-------+-----
Maces & Flails | 2 |  2.1
Dodging        | 3 |  3.0
Fighting       | |  4.4
Shields        | |  3.0

Action                   || total
-------------------------++-------
Melee: Flail             ||    64
 Stab: Sleeping          ||     1
Armor: Robe              ||    30
Dodge: Dodged            ||    31
Block: Kite shield       ||    36
